 Dungeon Crawl Stone Soup version 0.22-a0-580-gd5db89c (webtiles) character file.

84 Hebeh the Shield-Bearer (level 4, -2/40 HPs)
             Began as a Minotaur Fighter on July 2, 2018.
             Was an Initiate of Trog.
             Killed from afar by an orc wizard (5 damage)
             ... with a magic dart
             ... on level 3 of the Dungeon.
             The game lasted 00:06:15 (1916 turns).

Hebeh the Shield-Bearer (Minotaur Fighter)          Turns: 1916, Time: 00:06:17

Health: -2/40      AC:  7    Str: 22    XL:     4   Next: 24%
Magic:  3/3        EV:  7    Int:  5    God:    Trog [......]
Gold:   80         SH:  9    Dex:  9    Spells: 3/3 levels left

rFire    . . .     SeeInvis .   a - +0 war axe
rCold    . . .     Gourm    .   c - +0 shield
rNeg     . . .     Faith    .   b - +0 scale mail
rPois    .         Spirit   .   (helmet restricted)
rElec    .         Reflect  .   (no cloak)
rCorr    .         Harm     .   (no gloves)
MR       .....                  (no boots)
Stlth    ..........             (no amulet)
HPRegen  0.13/turn              (no ring)
MPRegen  0.08/turn              (no ring)

@: no status effects
A: retaliatory headbutt, horns 2
a: Renounce Religion


You were on level 3 of the Dungeon.
You worshipped Trog.
Trog was noncommittal.
You were not hungry.

You visited 1 branch of the dungeon, and saw 3 of its levels.

You collected 80 gold pieces.

Inventory:

Hand Weapons
 a - a +0 war axe (weapon)
Armour
 b - a +0 scale mail (worn)
 c - a +0 shield (worn)
Jewellery
 l - a cursed ring of flight {unknown}
 s - a cursed ring of loudness {unknown}
Scrolls
 j - 2 scrolls of enchant weapon {unknown}
 k - a scroll of fear {unknown}
 m - 2 scrolls of amnesia {unknown}
 n - a scroll of immolation {unknown}
 o - a scroll of enchant armour {unknown}
Potions
 d - 2 potions of might
 e - 2 potions of flight {unknown}
 h - 6 potions of curing {unknown}
 i - a potion of lignification {unknown}
 p - a potion of brilliance {unknown}
 q - a potion of degeneration {unknown}
 r - a potion of heal wounds {unknown}
 t - a potion of agility {unknown}
Comestibles
 f - a ration
 g - a chunk of flesh


   Skills:
 + Level 4.2 Fighting
 * Level 3.9 Axes
 + Level 4.2 Armour
 + Level 4.2 Shields


You had 3 spell levels left.
You didn't know any spells.
Your spell library was empty.

Dungeon Overview and Level Annotations

Branches:
Dungeon (3/15)

Altars:
Kikubaaqudgha
Makhleb
Trog


Innate Abilities, Weirdness & Mutations

You reflexively headbutt those who attack you in melee.
You have a pair of horns on your head.


Message History

An adder comes into view.
The orc priest hits you but does no damage.
Found a moonstone ring.
You closely miss the orc priest. You miss the orc wizard.
The orc priest invokes the aid of Beogh against you.
Beogh smites you!
The orc wizard mumbles some strange words.
The orc wizard flickers and vanishes!
Deactivating autopickup; reactivate with Ctrl-A.
You are too injured to fight recklessly!
You are too injured to fight recklessly!
You are too injured to fight recklessly!
The orc wizard hits you but does no damage.
You hear some strange, mumbled words.
The orc priest invokes the aid of Beogh against you.
Pain shoots through your body!
* * * LOW HITPOINT WARNING * * *
The orc wizard casts a spell at you. The magic dart hits you!
You die...

#.............#.......#
..##.............##.......
.................# .......
................###....#. #
.........................
..= #......................
....#.........>........(...
.....$S.........)....#.....
.....o.oo.@..........#.....
......g.o............#####.
......##.#...........# #.
...... #........###### #.
..... ###.##...# #. .....
#.......# #. .... ####.....
## .... #.#### # #


You could see an orc priest, an orc wizard, an adder, 2 orcs and a goblin.

Vanquished Creatures
  2 adders
  4 worms (D:2)
  A dart slug (D:2)
  2 leopard geckos (D:1)
  A ball python (D:1)
  5 giant cockroaches
  4 goblins
  4 hobgoblins
  3 jackals (D:2)
  10 kobolds
  5 bats
  4 frilled lizards
  4 rats (D:1)
49 creatures vanquished.

Notes
Turn   | Place    | Note
-------+----------+-------------------------------------------
     0 | D:1      | Hebeh the Minotaur Fighter began the quest for the Orb.
     0 | D:1      | Reached XP level 1. HP: 19/19 MP: 0/0
    83 | D:1      | Reached XP level 2. HP: 27/27 MP: 1/1
  1032 | D:2      | Reached XP level 3. HP: 31/33 MP: 2/2
  1446 | D:2      | Reached XP level 4. HP: 40/40 MP: 3/3
  1657 | D:2      | Found a faded altar of an unknown god.
  1657 | D:2      | Found a burning altar of Makhleb.
  1663 | D:2      | Found a faded altar of an unknown god.
  1665 | D:2      | Found an ancient bone altar of Kikubaaqudgha.
  1666 | D:2      | Found a bloodstained altar of Trog.
  1702 | D:2      | Became a worshipper of Trog the Wrathful
  1916 | D:3      | Killed from afar by an orc wizard

Vault maps used:
D:1:      saegor_arrival_simple_c
D:2:      chequers_temple_overflow_minitemple, serial_bayou_pond_e,
          grunt_ministairs_9, minivault_4
D:3:      lemuel_round_altar, uniq_terence

Skill      XL: |  1  2  3 |
---------------+----------+-----
Axes           | 3 |  3.9
Shields        | 4 |  4.2
Armour         | 4 |  4.2
Fighting       | 4 |  4.2

Action                   |  1- 3 |  4- 6 || total
-------------------------+-------+-------++-------
Melee: War axe           |   108 |    14 ||   122
       Headbutt          |    13 |     2 ||    15
  Eat: Chunk             |     2 |     1 ||     3
Armor: Scale mail        |    61 |     5 ||    66
Dodge: Dodged            |    41 |     3 ||    44
Block: Shield            |    57 |     3 ||    60

Table legend:
 A = Spawn XP
 B = Non-spawn XP
 C = Spawn XP percentage of total XP
 D = Spawn monster count
 E = Non-spawn monster count
 F = Spawn count percentage of total count
 G = Total turns spent on level
                    A         B        C        D         E        F      G
               +---------+---------+-------+---------+---------+-------+---------
         Total |       0 |     121 |   0.0 |       0 |      49 |   0.0 |  1916
               +---------+---------+-------+---------+---------+-------+---------
           D:1 |       0 |      32 |   0.0 |       0 |      19 |   0.0 |   918
           D:2 |       0 |      71 |   0.0 |       0 |      26 |   0.0 |   825
           D:3 |       0 |      18 |   0.0 |       0 |       4 |   0.0 |   173
               +---------+---------+-------+---------+---------+-------+---------
